[Event "Team 45 45 League T76"]
[Site "Internet Chess Club"]
[Date "2018.04.29"]
[Round "6"]
[White "Sloggi"]
[Black "Percival"]
[Result "1/2-1/2"]
[WhiteElo "1890"]
[BlackElo "2113"]
[Opening "QGD Slav: exchange variation, 6.Bf4 Bf5"]
[ECO "D14"]
[Time "23:45:54"]
[TimeControl "2700+45"]

1. d4 d5 2. c4 c6 3. Nf3 Nf6 4. cxd5 cxd5 5. Nc3 Nc6 6. Bf4 Bf5 7. e3 e6 8. Bd3
Bxd3 9. Qxd3 Be7 10. O-O O-O 11. h3 a6 12. Rac1 Rc8 13. Ne5 Nd7 14. Nxc6 Rxc6
15. Ne2 Qa5 16. Rxc6 bxc6 17. a3 c5 18. dxc5 Nxc5 19. Qc2 Ne4 20. Rc1 Bd6 21.
Bxd6 Nxd6 22. Nd4 g6 23. Qc5 Qxc5 24. Rxc5 Nc4 25. e4 Nxb2 26. exd5 exd5 27.
Rxd5 Nc4 28. Rc5 Nxa3 29. Ra5 Nc4 30. Rxa6 Rd8 31. Nf3 Rd1+ 32. Kh2 Nd6 33. Ra4
Rf1 34. Rd4 Nb5 35. Rd2 Nc3 36. Ne5 Ne4 37. Rd8+ Kg7 38. f3 Nf6 39. Ng4 Nh5 40.
Ne3 Re1 41. Re8 Ra1 42. Rd8 Nf4 43. Rd2 h5 44. h4 Re1 45. Kg3 Ne6 46. Kf2 Rh1
47. Kg3 f5 48. Nd5 f4+ 49. Nxf4 Nxf4 50. Kxf4 Rxh4+ 51. Kg5 Rh2 52. Rd7+ Kf8 53.
g4 hxg4 54. fxg4 Rg2 55. Kf6 Kg8 56. g5 Ra2 57. Kxg6 Ra6+ 58. Kh5 Rb6 59. g6 Rb1
60. Rd8+ Kg7 61. Rd7+ Kg8 62. Rd8+ Kg7 63. Rd7+ Kg8 {Game drawn by repetition}
1/2-1/2

[Event "Team 45 45 League T76"]
[Site "Internet Chess Club"]
[Date "2018.04.28"]
[Round "6"]
[White "limeinthecoke"]
[Black "Beetlejuice"]
[Result "1-0"]
[WhiteElo "1714"]
[BlackElo "1719"]
[Opening "Dutch with c4 & Nc3"]
[ECO "A85"]
[Time "08:03:39"]
[TimeControl "2700+45"]

1. c4 f5 2. Nc3 Nf6 3. d4 g6 4. h4 h6 5. Nh3 d6 6. Nf4 Rg8 7. h5 g5 8. Ng6 Nxh5
9. Nxf8 Nf6 10. Rxh6 Kxf8 11. Qd3 Nc6 12. Nd5 Ng4 13. Rh7 Nf6 14. Nxf6 exf6 15.
f4 g4 16. Bd2 Rg7 17. Rh6 Rg8 18. d5 Kg7 19. Rh2 Nb8 20. g3 Qe7 21. Bg2 Na6 22.
b4 Bd7 23. O-O-O Rh8 24. Rdh1 Rxh2 25. Rxh2 Re8 26. Bh1 Rh8 27. Rxh8 Kxh8 28.
Bc3 Kg7 29. a3 Kg6 30. e4 Qh7 31. Bg2 Qh2 32. exf5+ Bxf5 33. Qd4 Qh8 34. Be4
Bxe4 35. Qxe4+ Kf7 36. c5 dxc5 37. Qe6+ Kg6 38. f5+ {Black resigns} 1-0

[Event "Team 45 45 League T76"]
[Site "Internet Chess Club"]
[Date "2018.04.27"]
[Round "6"]
[White "Yedixon"]
[Black "idjit"]
[Result "1-0"]
[WhiteElo "1712"]
[BlackElo "1506"]
[Opening "French: Paulsen variation"]
[ECO "C10"]
[Time "20:04:12"]
[TimeControl "2700+45"]

1. e4 e6 2. d4 d5 3. Nc3 Nc6 4. Bb5 Ne7 5. Nge2 g6 6. Be3 Bg7 7. Qd2 O-O 8. f3
Bd7 9. g4 a6 10. Bxc6 Nxc6 11. O-O-O b5 12. Bh6 b4 13. Nb1 a5 14. h4 a4 15. h5
Qf6 16. Bxg7 Qxg7 17. hxg6 fxg6 18. Rh3 dxe4 19. f4 Qe7 20. Rdh1 Rf7 21. Ng3
Raf8 22. Qh2 Nxd4 23. Nxe4 Rxf4 24. Nbd2 Nf3 25. Nxf3 Rxf3 26. Rxh7 Rf1+ 27. Kd2
Rxh1 28. Rh8+ Kf7 29. Qxh1 Rxh8 30. Qxh8 Bc6 31. Qh7+ Kf8 32. Qxg6 Bxe4 33. Qxe4
Qg5+ 34. Kd3 Qb5+ 35. c4 bxc3+ 36. Kxc3 Qc5+ 37. Qc4 {Black forfeits on time}
1-0

[Event "Team 45 45 League T76"]
[Site "Internet Chess Club"]
[Date "2018.04.29"]
[Round "6"]
[White "Demachaeron"]
[Black "Fianchettoed"]
[Result "1/2-1/2"]
[WhiteElo "1686"]
[BlackElo "1758"]
[Opening "QGD: Chigorin defense"]
[ECO "D07"]
[Time "19:30:47"]
[TimeControl "2700+45"]

1. d4 d5 2. c4 Nc6 3. e3 e5 4. Nf3 Bg4 5. Be2 dxc4 6. Nc3 Bb4 7. d5 e4 8. Ng1
Bxe2 9. Nxe2 Ne5 10. Qa4+ Qd7 11. Qxd7+ Kxd7 12. O-O Nf6 13. Bd2 Rad8 14. Ng3
Kc8 15. Rad1 Nd3 16. Ngxe4 Bxc3 17. Nxc3 Nxd5 18. Nb5 a6 19. Nd4 c5 20. Nf3 f6
21. Rb1 Rd7 22. e4 N5b4 23. a3 Nc2 24. Ne1 Ncxe1 25. Bxe1 Nxe1 26. Rfxe1 Re8 27.
f3 Rd2 28. Rec1 b6 29. Rxc4 Kb7 30. b4 cxb4 31. Rcxb4 Re6 32. Rc4 Rc6 33. Rbc1
Rxc4 34. Rxc4 b5 35. Rc3 Kb6 36. Rc8 Kb7 37. Re8 Rd7 38. Kf2 a5 39. e5 fxe5 40.
Rxe5 Kb6 41. Ke3 b4 42. axb4 axb4 43. Kf4 Rc7 44. g4 Rc5 45. Re3 Kb5 46. h4 Ka4
47. Ke4 b3 48. Kd4 Rc7 49. Re8 Rb7 50. Kc3 Rc7+ 51. Kb2 Rc2+ 52. Kb1 Rf2 53. Re7
Ka3 54. Ra7+ Kb4 55. Rxg7 Rxf3 56. Rxh7 Rf1+ 57. Kb2 Rf2+ 58. Kb1 Rf1+ {Game
drawn by mutual agreement} 1/2-1/2

[Event "Team 45 45 League T76"]
[Site "Internet Chess Club"]
[Date "2018.04.28"]
[Round "6"]
[White "Agarnez"]
[Black "primerpaso"]
[Result "1-0"]
[WhiteElo "1914"]
[BlackElo "1854"]
[Opening "QGD: classical variation (5.Bf4)"]
[ECO "D37"]
[Time "19:02:32"]
[TimeControl "2700+45"]

1. d4 Nf6 2. c4 e6 3. Nf3 d5 4. Nc3 Be7 5. Bf4 O-O 6. e3 b6 7. Rc1 c5 8. Bd3 Bb7
9. O-O Nbd7 10. h3 dxc4 11. Bxc4 Rc8 12. Nb5 a6 13. Nd6 Bxd6 14. Bxd6 Re8 15. a4
Ne4 16. Bh2 Ndf6 17. Qe2 Ra8 18. Rfd1 Qe7 19. dxc5 bxc5 20. Ne5 Nd5 21. f3 Nef6
22. e4 Nb4 23. Bf4 Red8 24. Be3 Rxd1+ 25. Rxd1 Nc6 26. Nxc6 Bxc6 27. b3 a5 28.
Qd2 Qa7 29. Qd6 Qb7 30. Qxc5 Nd7 31. Qe7 h6 32. Bb5 Ne5 33. Rd8+ Kh7 34. Qxb7
Bxb7 35. Rxa8 Bxa8 36. Kf2 Kg8 37. Bc5 f5 38. Bd6 Nc6 39. e5 Nd4 40. Bc4 f4 41.
Bc5 Nc6 42. Bxe6+ Kh7 43. Bd6 g5 44. Bd5 Kg6 45. Ke1 Kf5 46. Kd2 Bb7 47. Kc3 h5
48. Be4+ Ke6 49. Bc7 g4 50. hxg4 hxg4 51. fxg4 Kd7 52. Bb8 Kc8 53. Bd6 Kd7 54.
Bf3 Ke6 55. g5 Kf5 56. g6 Kxg6 57. Kc4 Kf5 58. Kc5 Nd8 59. Bxb7 Nxb7+ 60. Kb6
Nd8 61. Kxa5 Kg4 62. Kb6 Ne6 63. Kc6 Kg3 64. Kd5 {Black resigns} 1-0

[Event "Team 45 45 League T76"]
[Site "Internet Chess Club"]
[Date "2018.04.30"]
[Round "6"]
[White "elmaestro"]
[Black "Portola"]
[Result "1-0"]
[WhiteElo "1683"]
[BlackElo "1683"]
[Opening "Queen's pawn: stonewall attack"]
[ECO "D00"]
[Time "09:15:40"]
[TimeControl "2700+45"]

1. d4 d5 2. e3 Nf6 3. Bd3 Bg4 4. f3 Bh5 5. Nd2 c6 6. Ne2 e6 7. Ng3 Bg6 8. Bxg6
hxg6 9. c3 Bd6 10. f4 g5 11. Nf3 gxf4 12. exf4 Nbd7 13. Ne5 Qe7 14. Bd2 O-O-O
15. b4 Nb6 16. a4 Bxe5 17. dxe5 Ne4 18. Nxe4 dxe4 19. Qe2 Qh4+ 20. g3 Qxg3+ 21.
hxg3 Rxh1+ 22. Kf2 Rxa1 23. Be3 Rad1 24. Bd4 Rh1 25. Qxe4 Rdh8 26. Bxb6 axb6 27.
Qd4 R8h2+ 28. Kf3 Rf1+ 29. Kg4 Rg2 30. Qxb6 Rfg1 31. Qe3 Kc7 32. Kh3 b6 33. Qd3
Rxg3+ 34. Qxg3 Rxg3+ 35. Kxg3 Kd7 36. Kg4 Kc7 37. Kg5 c5 38. f5 Kc6 39. fxe6
fxe6 40. Kg6 cxb4 41. cxb4 Kd5 42. a5 bxa5 43. bxa5 Kc6 44. Kxg7 Kb5 45. Kf6
Kxa5 46. Kxe6 Kb6 47. Kd7 {Black resigns} 1-0

[Event "Team 45 45 League T76"]
[Site "Internet Chess Club"]
[Date "2018.04.27"]
[Round "6"]
[White "QuieroAprender"]
[Black "a-man"]
[Result "1-0"]
[WhiteElo "1548"]
[BlackElo "1692"]
[Opening "Sicilian: accelerated fianchetto, exchange variation"]
[ECO "B34"]
[Time "20:30:24"]
[TimeControl "2700+45"]

1. e4 c5 2. Nf3 Nc6 3. d4 cxd4 4. Nxd4 g6 5. Nxc6 bxc6 6. Be3 Bg7 7. Bd4 Nf6 8.
Bd3 O-O 9. O-O d5 10. exd5 cxd5 11. f3 Qc7 12. Qe2 Ng4 13. fxg4 Bxd4+ 14. Rf2
Qf4 15. c3 Qxf2+ 16. Qxf2 Bxf2+ 17. Kxf2 Bxg4 18. h3 Bd7 19. Nd2 Rab8 20. b3
Rfc8 21. c4 dxc4 22. Nxc4 Kg7 23. Re1 Re8 24. Ne5 Bb5 25. Nc4 e5 26. a4 Ba6 27.
Rb1 e4 28. Be2 f5 29. Nd6 Re6 30. Bxa6 Rxd6 31. Bc4 f4 32. Re1 Rd2+ 33. Kg1 e3
34. g3 g5 35. h4 h6 36. Kf1 Rf8 37. hxg5 hxg5 38. gxf4 gxf4 39. Re2 Rxe2 40.
Kxe2 f3+ 41. Kxe3 f2 42. Bf1 Kg6 43. a5 Kg5 44. b4 Kg4 45. b5 Kg3 46. Kd4 Kh2
47. b6 axb6 48. axb6 Kg1 49. Ba6 Ra8 50. Be2 Rc8 51. Kd5 Re8 52. Bb5 Rf8 53. Kd6
Rf6+ 54. Kc7 Rf7+ 55. Kc8 Rf8+ 56. Kc7 Rf5 57. Be2 Re5 58. Bd3 Rc5+ 59. Kb8 Kh2
60. b7 Rc3 61. Bf1 Kg3 62. Ka7 Rc1 63. Bd3 f1=Q 64. Bxf1 Rxf1 65. b8=Q+ Rf4 66.
Kb6 Kf3 67. Kc5 Rf5+ 68. Kd4 Rf4+ 69. Kd3 Kg4 70. Ke3 Rf3+ 71. Ke4 Rf5 72. Qc8
Kh4 73. Qxf5 Kg3 74. Qf3+ Kh4 75. Qg2 Kh5 76. Kf5 Kh6 77. Qg6# {Black
checkmated} 1-0

[Event "Team 45 45 League T76"]
[Site "Internet Chess Club"]
[Date "2018.04.29"]
[Round "6"]
[White "leandromorg"]
[Black "anna"]
[Result "1-0"]
[WhiteElo "1734"]
[BlackElo "1942"]
[Opening "Queen's pawn game"]
[ECO "D00"]
[Time "17:23:20"]
[TimeControl "2700+45"]

1. d4 d5 2. e3 c6 3. f4 Nf6 4. Bd3 e6 5. Nf3 Nbd7 6. Nbd2 Be7 7. O-O O-O 8. Ne5
c5 9. c3 Re8 10. g4 Nf8 11. Qf3 N6d7 12. g5 Nxe5 13. dxe5 f5 14. gxf6 gxf6 15.
exf6 Bxf6 16. e4 Kh8 17. e5 Bg7 18. c4 dxc4 19. Nxc4 Qd4+ 20. Kh1 Bd7 21. Nd6
Bc6 22. Be4 Bxe4 23. Qxe4 Qxe4+ 24. Nxe4 b6 25. Be3 Ng6 26. Nd6 Rf8 27. Kg2 Bh6
28. Kg3 Ne7 29. Kf3 Nd5 30. Ke4 Rad8 31. Rf2 Ne7 32. Rd1 Kg8 33. Rg1+ Kh8 34.
Rd2 Nd5 35. Rxd5 exd5+ 36. Kxd5 Bxf4 37. Bxf4 Rxf4 38. Ke6 Rdf8 39. Kd7 Rd4 40.
Ke7 Rf2 41. Nf7+ Rxf7+ 42. Kxf7 Rf4+ 43. Ke7 Rf2 44. e6 Rxb2 45. Kd7 Rd2+ 46.
Ke8 Rxa2 47. e7 Re2 48. Rg5 h6 49. Rg4 Kh7 50. Kd7 Rd2+ 51. Ke6 Re2+ 52. Kd6 b5
53. Rf4 c4 54. Rf8 a5 55. e8=Q Rxe8 56. Rxe8 b4 57. Kc5 c3 58. Kc4 Kg6 59. Kb3
Kg5 60. Re5+ Kf4 61. Rxa5 Ke3 62. Kc2 Kd4 63. Rh5 Kc4 64. Rh4+ Kb5 65. Rxh6
{Black resigns} 1-0

[Event "Team 45 45 League T76"]
[Site "Internet Chess Club"]
[Date "2018.04.28"]
[Round "6"]
[White "Littlemon"]
[Black "MarcB"]
[Result "0-1"]
[WhiteElo "1570"]
[BlackElo "1702"]
[Opening "QGD Slav defense: exchange variation"]
[ECO "D10"]
[Time "15:32:28"]
[TimeControl "2700+45"]

1. d4 d5 2. c4 c6 3. cxd5 cxd5 4. Bf4 Nf6 5. e3 e6 6. Nc3 a6 7. Bd3 Nc6 8. Nge2
Be7 9. O-O O-O 10. a3 b5 11. Na2 Bb7 12. Rc1 Bd6 13. Qd2 e5 14. Bxe5 Nxe5 15.
dxe5 Bxe5 16. Bf5 g6 17. Bb1 Qe7 18. Nd4 Rac8 19. h3 Nd7 20. Nb4 Nb6 21. Ba2 Nc4
22. Bxc4 dxc4 23. Nbc2 Rfd8 24. Rfd1 Be4 25. Qe2 Bd3 26. Qf3 Rd6 27. g3 Qd7 28.
Qg2 Rd8 29. f4 Bg7 30. Kh2 Re8 31. Qg1 Qb7 32. Ne1 Bxd4 33. exd4 Re2+ 34. Ng2
Rxd4 35. Re1 Rde4 36. Rxe2 Rxe2 37. Re1 Qe4 38. Rxe2 Qxe2 39. Qd4 Be4 40. Qd8+
Kg7 41. Qd4+ Kh6 42. Qg1 Qxb2 43. g4 Qxg2+ {White resigns} 0-1

[Event "Team 45 45 League T76"]
[Site "Internet Chess Club"]
[Date "2018.04.29"]
[Round "6"]
[White "nealbruce"]
[Black "DineshB"]
[Result "0-1"]
[WhiteElo "1688"]
[BlackElo "1407"]
[Opening "Sicilian: Alapin's variation (2.c3)"]
[ECO "B22"]
[Time "19:02:02"]
[TimeControl "2700+45"]

1. e4 c5 2. c3 Nf6 3. e5 Nd5 4. d4 cxd4 5. cxd4 e6 6. Nf3 d6 7. Be2 Nc6 8. O-O
Be7 9. Nc3 Nxc3 10. bxc3 dxe5 11. dxe5 Qxd1 12. Rxd1 O-O 13. Bf4 b6 14. Bd3 h6
15. h4 Bb7 16. Be2 Rfd8 17. Rab1 Bc5 18. Nd2 Ne7 19. c4 Nf5 20. h5 Rd4 21. g3
Rad8 22. Nb3 Rxd1+ 23. Rxd1 Rxd1+ 24. Bxd1 Ba3 25. g4 Nh4 26. Bg3 Nf3+ 27. Kf1
Bb2 28. c5 Nxe5 29. cxb6 axb6 30. f4 Nc4 31. Kf2 e5 32. fxe5 Bxe5 33. Bxe5 Nxe5
34. Nd4 g6 35. hxg6 fxg6 36. Kg3 Bd5 37. Bb3 Bxb3 38. axb3 Kf7 39. Kf4 Kf6 40.
Nc2 g5+ 41. Kg3 Nc6 42. Ne3 Ke6 43. Nc4 b5 44. Na3 b4 45. Nc2 Ke5 46. Kf3 Nd4+
47. Nxd4 Kxd4 48. Kf2 Kc3 49. Ke2 Kxb3 50. Kd2 Ka2 {White resigns} 0-1

[Event "Team 45 45 League T76"]
[Site "Internet Chess Club"]
[Date "2018.04.28"]
[Round "6"]
[White "Uku"]
[Black "Tobiasdelmonte"]
[Result "0-1"]
[WhiteElo "1236"]
[BlackElo "1617"]
[Opening "Two knights defense (Modern bishop's opening)"]
[ECO "C55"]
[Time "15:04:21"]
[TimeControl "2700+45"]

1. e4 e5 2. Nf3 Nc6 3. Bc4 Nf6 4. d3 h6 5. Nc3 d6 6. O-O g5 7. h3 Ne7 8. Nh2 Ng6
9. Qf3 Bg7 10. Bd2 c6 11. Ng4 Bxg4 12. hxg4 Qd7 13. Rfc1 Nh4 14. Qg3 Nxg4 15.
Kf1 O-O 16. Ke1 a5 17. Ne2 b5 18. Bxb5 cxb5 19. Ng1 f5 20. Qh3 fxe4 21. dxe4
Rxf2 22. Be3 Nxg2+ 23. Kd1 N4xe3+ 24. Qxe3 Nxe3+ 25. Ke1 Raf8 26. Ne2 Qg4 27.
Kd2 Nc4+ 28. Kc3 R8f3# {White checkmated} 0-1

[Event "Team 45 45 League T76"]
[Site "Internet Chess Club"]
[Date "2018.04.29"]
[Round "6"]
[White "JJ12"]
[Black "Centralplay"]
[Result "1-0"]
[WhiteElo "2136"]
[BlackElo "2126"]
[Opening "Sicilian: Najdorf, Byrne (English) attack"]
[ECO "B90"]
[Time "10:01:49"]
[TimeControl "2700+45"]

1. e4 c5 2. Nf3 d6 3. d4 cxd4 4. Nxd4 Nf6 5. Nc3 a6 6. Be3 e5 7. Nb3 Be6 8. f3
h5 9. Qd2 Nbd7 10. Nd5 Bxd5 11. exd5 g6 12. Be2 Qc7 13. c4 a5 14. Rd1 a4 15. Na1
Qa5 16. Qxa5 Rxa5 17. Nc2 Bh6 18. Bf2 Ke7 19. O-O Rc8 20. Na3 Ne8 21. g3 f5 22.
Rfe1 Nef6 23. Kg2 Raa8 24. f4 exf4 25. Bxh5+ Kf7 26. Bf3 Ne5 27. c5 fxg3 28.
hxg3 Nxf3 29. Kxf3 Ne4 30. cxd6 Nxd6 31. Bd4 Ne4 32. g4 Ra5 33. gxf5 gxf5 34.
Rh1 Bf8 35. Be5 Re8 36. Bc7 Rc5 37. d6 Nf6 38. d7 Rxc7 39. dxe8=B+ Kxe8 40. Kf4
Rc5 41. Rhe1+ Ne4 42. Kf3 b5 43. Rc1 Rd5 44. Red1 Ng5+ 45. Kg2 Re5 46. Kg3 Ne6
47. Re1 {Black resigns} 1-0

[Event "Team 45 45 League T76"]
[Site "Internet Chess Club"]
[Date "2018.04.30"]
[Round "6"]
[White "MarcB"]
[Black "Terte"]
[Result "0-1"]
[WhiteElo "1689"]
[BlackElo "1782"]
[Opening "Réti: King's Indian attack (Barcza system)"]
[ECO "A07"]
[Time "12:08:04"]
[TimeControl "2700+45"]

1. Nf3 d5 2. g3 Bf5 3. Bg2 Nd7 4. d3 e5 5. O-O Ngf6 6. Re1 Bd6 7. Nbd2 O-O 8. e4
dxe4 9. Nxe4 Nxe4 10. dxe4 Bg4 11. c3 Qe7 12. Qc2 Rad8 13. h3 Be6 14. b3 f5 15.
Ng5 f4 16. Nxe6 Qxe6 17. g4 h5 18. f3 Bc5+ 19. Kh1 hxg4 20. Bf1 Qh6 21. fxg4 Qh4
22. Bd2 Nf6 23. Re2 Nxg4 24. Be1 Qh6 25. Bf2 Nxf2+ 26. Rxf2 Bxf2 27. Qxf2 f3 28.
Bc4+ Kh8 29. Qg3 Rd2 30. Bd3 {White resigns} 0-1

[Event "Team 45 45 League T76"]
[Site "Internet Chess Club"]
[Date "2018.04.30"]
[Round "6"]
[White "kaiclc"]
[Black "bobhill"]
[Result "1-0"]
[WhiteElo "1354"]
[BlackElo "1803"]
[Opening "Sicilian: dragon, Yugoslav attack, Rauser variation"]
[ECO "B76"]
[Time "20:06:54"]
[TimeControl "2700+45"]

1. e4 c5 2. Nf3 d6 3. d4 cxd4 4. Nxd4 Nf6 5. Nc3 g6 6. Be3 Bg7 7. f3 Nc6 8. Qd2
O-O 9. O-O-O d5 10. Kb1 Nxd4 11. e5 Nxf3 12. gxf3 Nd7 13. Nxd5 e6 14. Bg5 f6 15.
exf6 Bxf6 16. Nxf6+ Rxf6 17. Bxf6 Qxf6 18. Bc4 Nf8 19. Qd8 Qg7 20. Bxe6+ Bxe6
21. Qxa8 Qf7 22. b3 Bh3 23. Rd3 Bf5 24. Rd8 Kg7 25. Re1 Ne6 26. Rd2 a6 27. Qa7
Qc7 28. Rde2 h5 29. Qf2 Qc6 30. Re3 Kh6 31. Rxe6 Bxe6 32. Qe3+ Kh7 33. Qxe6 Qxf3
34. Qe7+ Kg8 35. Qd8+ Kg7 36. Re7+ Kh6 37. Qd2+ {Black resigns} 1-0

[Event "Team 45 45 League T76"]
[Site "Internet Chess Club"]
[Date "2018.04.29"]
[Round "6"]
[White "suicidepawn"]
[Black "bradleyguo175"]
[Result "0-1"]
[WhiteElo "1802"]
[BlackElo "1821"]
[Opening "Sicilian: Canal-Sokolsky attack, Bronstein gambit"]
[ECO "B52"]
[Time "16:35:56"]
[TimeControl "2700+45"]

1. e4 c5 2. Nf3 d6 3. Bb5+ Bd7 4. Bxd7+ Qxd7 5. O-O Nc6 6. c3 Nf6 7. d4 Nxe4 8.
d5 Ne5 9. Re1 Nxf3+ 10. Qxf3 Nf6 11. c4 e5 12. dxe6 fxe6 13. Bg5 Be7 14. Nc3 h6
15. Bxf6 O-O 16. Qg4 Bxf6 17. Qxe6+ Qxe6 18. Rxe6 Rae8 19. Rxd6 Bd4 20. Rf1 Rxf2
21. Nb5 Ree2 22. Rg6 {White resigns} 0-1

[Event "Team 45 45 League T76"]
[Site "Internet Chess Club"]
[Date "2018.05.06"]
[Round "6"]
[White "filmdirector"]
[Black "ILRE"]
[Result "1-0"]
[WhiteElo "1721"]
[BlackElo "1590"]
[Opening "Sicilian: Najdorf, Byrne (English) attack"]
[ECO "B90"]
[Time "16:01:39"]
[TimeControl "2700+45"]

1. e4 c5 2. Nf3 d6 3. d4 cxd4 4. Nxd4 Nf6 5. Nc3 a6 6. Be3 e5 7. Nf3 Be7 8. h3
b5 9. Bd3 Bb7 10. Nd2 d5 11. exd5 Nxd5 12. Nxd5 Bxd5 13. O-O O-O 14. Qh5 h6 15.
Qxe5 Bf6 16. Qf5 g6 17. Qg4 Bg7 18. f4 Nc6 19. f5 Ne5 20. Qf4 Nxd3 21. cxd3 gxf5
22. Qxf5 Rc8 23. Ne4 Rc6 24. Nc5 Rg6 25. Rf2 Qd6 26. d4 Re8 27. Bf4 Qc6 28. Nd7
Bxd4 29. g4 Bxf2+ 30. Kxf2 Bc4 31. Ne5 Qb6+ 32. Kg3 Qe6 33. Nxg6 Qxf5 34. gxf5
fxg6 35. fxg6 Kg7 36. b3 Bd3 37. Rd1 Bc2 38. Rd6 Ra8 39. Be5+ Kg8 40. g7 a5 41.
Rf6 h5 42. Rh6 Kf7 43. Rxh5 Bb1 44. a3 Ba2 45. b4 axb4 46. axb4 Bc4 47. Rg5 Kg8
48. h4 Kh7 49. Rh5+ Kg8 50. Rh8+ {Black resigns} 1-0

[Event "Team 45 45 League T76"]
[Site "Internet Chess Club"]
[Date "2018.04.27"]
[Round "6"]
[White "RD1974"]
[Black "julesraider"]
[Result "0-1"]
[WhiteElo "1653"]
[BlackElo "1487"]
[Opening "Caro-Kann: anti-anti-Caro-Kann defense"]
[ECO "B10"]
[Time "20:00:20"]
[TimeControl "2700+45"]

1. e4 c6 2. c4 d5 3. cxd5 cxd5 4. exd5 Nf6 5. Nc3 Nxd5 6. Nf3 Nc6 7. Bc4 Nb6 8.
Bb3 g6 9. Ng5 e6 10. h4 Bg7 11. Nf3 O-O 12. h5 Nd4 13. Nxd4 Bxd4 14. Ne4 Nd5 15.
d3 f5 16. Ng5 Qb6 17. Qe2 Bd7 18. Nxh7 Bxf2+ 19. Qxf2 Qxf2+ 20. Kxf2 Kxh7 21.
hxg6+ Kxg6 22. Bd2 Bb5 23. Bc4 Bxc4 24. dxc4 Nf6 25. Kf3 Ng4 26. Bc3 Rfd8 27.
Rad1 Rac8 28. b3 b6 29. Rhe1 e5 30. Rxd8 e4+ 31. Ke2 Rxd8 32. b4 Rd3 33. Bd2 Ra3
34. Ra1 e3 35. Be1 Kg5 36. c5 bxc5 37. bxc5 Ra6 38. a4 f4 39. a5 Ne5 40. Rc1 Rh6
41. Bc3 Kf5 42. Bxe5 Kxe5 43. c6 Rh8 44. Kf3 Rf8 45. c7 Rc8 46. a6 Kd4 47. Rd1+
Kc3 48. Rd7 Kc4 49. Ke2 Kb5 50. Rd6 Rxc7 51. Rf6 Rc2+ 52. Kf1 Rf2+ 53. Ke1 Ka5
54. Rg6 Kb5 55. g4 f3 56. Re6 Re2+ 57. Kd1 Rd2+ 58. Kc1 f2 59. Rf6 e2 60. Rf5+
Kc4 61. Rf4+ Kc3 62. Rf3+ Rd3 {White resigns} 0-1

[Event "Team 45 45 League T76"]
[Site "Internet Chess Club"]
[Date "2018.04.27"]
[Round "6"]
[White "pokerram"]
[Black "chesskix"]
[Result "1-0"]
[WhiteElo "1580"]
[BlackElo "1385"]
[Opening "Réti opening"]
[ECO "A30"]
[Time "15:01:20"]
[TimeControl "2700+45"]

1. Nf3 c5 2. c4 Nc6 3. d4 cxd4 4. Nxd4 e5 5. Nb3 Nf6 6. Bg5 Be7 7. Nc3 d6 8. e3
Bf5 9. Be2 Qd7 10. O-O a6 11. Bxf6 Bxf6 12. Nd5 Bd8 13. e4 Be6 14. Qd2 Rb8 15.
Rfd1 Ne7 16. c5 Nxd5 17. exd5 Bf5 18. Rac1 Rc8 19. cxd6 Rxc1 20. Rxc1 Qxd6 21.
Na5 Qb6 22. Nc4 Qf6 23. Qb4 Qe7 24. Qxe7+ Bxe7 25. Nxe5 O-O 26. Bg4 Bxg4 27.
Nxg4 Bd6 28. Ne3 g6 29. g3 Rd8 30. b3 Bb4 31. Rc4 Bd2 32. Rd4 Bc3 33. Rd3 Bb4
34. Nc4 Bc5 35. a4 Kg7 36. Kg2 b6 37. f4 f6 38. Kf3 Kf7 39. Nd2 f5 40. Nc4 Kf6
41. Ne5 Rd6 42. Nc6 Bg1 43. Kg2 Bxh2 44. Kxh2 h5 45. Kg2 a5 46. Ne5 g5 47. Nc4
Rd8 48. Nxb6 gxf4 49. gxf4 Rg8+ 50. Rg3 Rxg3+ 51. Kxg3 Ke7 52. Nc4 Kd7 53. Nxa5
Kd6 54. Kh4 Kxd5 55. Kxh5 Ke4 56. Kg5 Kd4 57. Kxf5 Kc5 58. Ke5 Kb4 59. Nc6+ Kxb3
60. a5 Kc4 61. Kd6 Kb5 62. f5 Ka6 63. f6 Kb7 64. f7 {Black resigns} 1-0

[Event "Team 45 45 League T76"]
[Site "Internet Chess Club"]
[Date "2018.04.29"]
[Round "6"]
[White "IndianTaker"]
[Black "zepled37"]
[Result "1-0"]
[WhiteElo "1723"]
[BlackElo "1678"]
[Opening "Ruy Lopez: Anderssen variation"]
[ECO "C77"]
[Time "09:09:50"]
[TimeControl "2700+45"]

1. e4 e5 2. Nf3 Nc6 3. Bb5 a6 4. Ba4 Nf6 5. d3 d6 6. c3 Be7 7. Nbd2 O-O 8. O-O
h6 9. Re1 b5 10. Bc2 Bg4 11. Nf1 d5 12. exd5 Nxd5 13. h3 Bxf3 14. Qxf3 Qd7 15.
Ng3 Rfe8 16. Nf5 Bf8 17. Bd2 Nde7 18. d4 Rad8 19. Rad1 exd4 20. cxd4 Nxf5 21.
Rxe8 Rxe8 22. Bxf5 Nxd4 23. Bxd7 Nxf3+ 24. gxf3 Rd8 25. Ba5 Bd6 26. Rxd6 {Black
resigns} 1-0

[Event "Team 45 45 League T76"]
[Site "Internet Chess Club"]
[Date "2018.04.25"]
[Round "6"]
[White "justice02"]
[Black "Portola"]
[Result "0-1"]
[WhiteElo "1706"]
[BlackElo "1701"]
[Opening "French: Schlechter variation"]
[ECO "C01"]
[Time "19:00:13"]
[TimeControl "2700+45"]

1. e4 e6 2. d4 d5 3. Bd3 dxe4 4. Bxe4 Nf6 5. Bd3 Be7 6. Nf3 Nbd7 7. O-O O-O 8.
Re1 b6 9. Nbd2 Bb7 10. Nf1 c5 11. c3 Qc7 12. Bg5 h6 13. Bh4 Bd6 14. Bg3 Bxg3 15.
Nxg3 Rad8 16. Rc1 c4 17. Bb1 b5 18. Qe2 a6 19. Ne5 Bd5 20. f4 Qb7 21. Rc2 g6 22.
Rd2 Kg7 23. Nxd7 Qxd7 24. h4 Qd6 25. Rf1 Rde8 26. Qe5 Qxe5 27. fxe5 Ng8 28. Be4
Ne7 29. Rdf2 Rb8 30. a3 a5 31. Bb1 b4 32. Ne2 bxa3 33. bxa3 Rb3 34. a4 Rb2 35.
g4 Bc6 36. Nf4 Rxf2 37. Rxf2 Rb8 38. Bc2 Rb2 39. Ng2 Ra2 40. Ne3 Bxa4 41. Nxc4
Rxc2 42. Rf6 Nd5 43. Rf3 Rxc3 44. Rxc3 Nxc3 45. Nxa5 Ne2+ 46. Kf2 Nxd4 47. Ke3
Nc6 48. Nxc6 Bxc6 49. Kf4 Kf8 50. g5 h5 51. Ke3 Ke7 52. Kd4 Kd7 53. Kc4 Ba4 54.
Kb4 Kc6 55. Kc4 Bb5+ 56. Kd4 Ba6 57. Ke4 Kc5 58. Ke3 Kd5 59. Kf4 Kd4 {White
resigns} 0-1

[Event "Team 45 45 League T76"]
[Site "Internet Chess Club"]
[Date "2018.04.28"]
[Round "6"]
[White "idjit"]
[Black "Grenadier"]
[Result "0-1"]
[WhiteElo "1493"]
[BlackElo "1591"]
[Opening "Caro-Kann: Steinitz variation"]
[ECO "B17"]
[Time "11:01:30"]
[TimeControl "2700+45"]

1. e4 c6 2. d4 d5 3. Nc3 dxe4 4. Nxe4 Nd7 5. Nf3 Ngf6 6. Ng3 c5 7. dxc5 e6 8.
Be3 Qa5+ 9. c3 Be7 10. Be2 O-O 11. O-O Qc7 12. b4 Nd5 13. Bd4 b6 14. cxb6 N7xb6
15. Qb3 Bb7 16. a3 Rac8 17. Ne4 Nd7 18. c4 Nf4 19. Nc3 Nxe2+ 20. Nxe2 Qxc4 21.
Qxc4 Rxc4 22. Bxa7 Rfc8 23. Rfc1 Bf6 24. Bd4 Rxc1+ 25. Rxc1 Rxc1+ 26. Nxc1 e5
27. Bb2 Ba6 28. Nb3 Bb5 29. Nfd2 Be7 30. f3 Kf8 31. Kf2 f5 32. Ke3 Bd8 33. Nb1
Bb6+ 34. Kd2 Bf1 35. g4 fxg4 36. fxg4 Nf6 37. Bxe5 Nxg4 38. Bd6+ Ke8 39. Nc3 Kd7
40. Bg3 Nf6 41. a4 Bc4 42. Kc2 Nd5 43. Nxd5 Bxd5 44. a5 Ba7 45. b5 Be3 46. Kc3
g5 47. Kb4 Bf4 48. Kc5 Bxb3 {White resigns} 0-1

[Event "Team 45 45 League T76"]
[Site "Internet Chess Club"]
[Date "2018.04.29"]
[Round "6"]
[White "GoIrish"]
[Black "cpic2363"]
[Result "1/2-1/2"]
[WhiteElo "1484"]
[BlackElo "1477"]
[Opening "Réti: King's Indian attack (Barcza system)"]
[ECO "A07"]
[Time "20:01:20"]
[TimeControl "2700+45"]

1. Nf3 d5 2. g3 e6 3. Bg2 Be7 4. O-O Nf6 5. d3 O-O 6. Nbd2 Nbd7 7. e4 dxe4 8.
dxe4 e5 9. Re1 Re8 10. Nc4 Bc5 11. Nfxe5 Nb6 12. Qxd8 Rxd8 13. Nxb6 Bxb6 14. Bg5
Be6 15. Nd3 h6 16. Bxf6 gxf6 17. a4 Bd4 18. Rad1 Bg4 19. Rb1 Rd7 20. h3 Bh5 21.
Nf4 Bg6 22. c3 Be5 23. Rbd1 Rad8 24. Nd5 Kf8 25. Ne3 c6 26. Rxd7 Rxd7 27. Rd1
Rxd1+ 28. Nxd1 f5 29. f4 Bc7 30. e5 Bh5 31. Nf2 Be2 32. Bf1 Bf3 33. Bd3 Bb6 34.
Bxf5 Be3 35. Bg4 Bd5 36. Kf1 Bc1 37. Nd3 Bc4 38. Be2 Bxd3 39. Bxd3 Bxb2 40. c4
Ke7 41. Ke2 f6 42. exf6+ Kxf6 43. Kf3 a6 44. Kg4 b5 45. cxb5 cxb5 46. axb5 axb5
47. Bxb5 Bc1 48. Kh5 Kg7 49. f5 Bg5 50. h4 Bf6 51. g4 Bd4 52. g5 hxg5 53. hxg5
Be5 54. Kg4 Bb2 55. Kf3 Bc1 {Game drawn by mutual agreement} 1/2-1/2